 Dungeon Crawl Stone Soup version 0.31-a0-574-g69dc8cc98e (webtiles) character file.

Game seed: 7404941155980021727

579691 conein the Warrior (level 27, -5/248 HPs)
             Began as a Ghoul Gladiator on Aug 13, 2023.
             Was the Champion of Fedhas.
             Slain by a bennu (10 damage)
             ... on level 1 of the Tomb of the Ancients on Aug 18, 2023.
             The game lasted 04:39:59 (79879 turns).

conein the Warrior (Ghoul Gladiator)               Turns: 79879, Time: 04:39:59

Health: -5/248     AC: 41    Str: 28      XL:     27
Magic:  35/35      EV: 11    Int:  5 (7)  God:    Fedhas [******]
Gold:   5599       SH: 19    Dex: 14      Spells: 26/26 levels left

rFire   + +          +
                       - Unarmed
rCold   + + +        o - +0 kite shield {rC+}
rNeg    + + +        f - +0 crystal plate armour "Laomier" {-Cast +Inv rF++ Regen+}
rPois   ∞            b - +3 crown of Dyrovepreva {rElec Int+2 SInv}
rElec   +            r - +2 cloak {rCorr}
rCorr   +            F - +3 pair of gauntlets of War {Slay+5}
SInv    +            W - +3 pair of mountain boots {steadfast, rC+}
Will    ++++.        y - amulet of reflection Stlth
                     K - ring "Witaetra" {rF+ rC+ Will+}
HPRegen 0.00/turn    N - ring "Catolooc" {Will+ Int+2 Slay+4}
MPRegen 0.24/turn

%: no spellcasting, reflection
@: marked, inhibited regen, studying 2 skills
A: claws 1, cold resistance 1, negative energy resistance 3, inhibited
regeneration, torment resistance 2, devour on kill
}: 3/15 runes: serpentine, barnacled, silver
a: Renounce Religion, Evoke Invisibility, Wall of Briars, Grow Ballistomycete,
Overgrow, Grow Oklob


You were on level 1 of the Tomb of the Ancients.
You worshipped Fedhas.
Fedhas was exalted by your worship.
You visited 12 branches of the dungeon, and saw 49 of its levels.
You visited 1 bazaar.
You also visited: Ossuary, Bailey, Ice Cave and Volcano.

You collected 9459 gold pieces.
You spent 3860 gold pieces at shops.

Inventory:

Missiles
 c - 8 throwing nets
 d - 39 javelins
 k - 39 boomerangs (quivered)
 u - 11 atropa-tipped darts
 D - 53 poisoned darts
 P - 3 darts of dispersal
 R - 10 silver javelins
 T - 6 curare-tipped darts
Armour
 b - the +3 crown of Dyrovepreva (worn) {rElec Int+2 SInv}
   (You bought it in a shop on level 9 of the Dungeon)

   Int+2:     It affects your intelligence (+2).
   rElec:     It insulates you from electricity.
   SInv:      It lets you see invisible.
 f - the +0 crystal plate armour "Laomier" (worn) {-Cast +Inv rF++ Regen+}
   (You acquired it on level 1 of the Elven Halls)

   rF++:      It greatly protects you from fire.
   +Inv:      It lets you turn invisible.
   -Cast:     It prevents spellcasting.
   Regen+:    It increases your rate of health regeneration.
 o - a +0 kite shield of cold resistance (worn)
 r - a +2 cloak of preservation (worn)
 F - the +3 pair of gauntlets of War (worn) {Slay+5}
   (You found it on level 1 of the Lair of Beasts)

   Slay+5:    It affects your accuracy & damage with ranged weapons and melee
   (+5).
 W - the +3 pair of mountain boots (worn) {steadfast, rC+}
   (You bought it in a shop on level 2 of the Orcish Mines)

   Steadfast: It prevents involuntary movement, except for blinking,
   teleportation, or banishment.
   rC+:       It protects you from cold.
Jewellery
 y - an amulet of reflection (around neck)
 K - the ring "Witaetra" (left hand) {rF+ rC+ Will+}
   (You found it on level 2 of the Shoals)

   [ring of protection from cold]

   rF+:       It protects you from fire.
   rC+:       It protects you from cold.
   Will+:     It increases your willpower.
 N - the ring "Catolooc" (right hand) {Will+ Int+2 Slay+4}
   (You took it off a deep elf zephyrmancer on level 1 of the Elven Halls)

   [ring of slaying]

   Int+2:     It affects your intelligence (+2).
   Slay+4:    It affects your accuracy & damage with ranged weapons and melee
   (+4).
   Will+:     It increases your willpower.
Wands
 e - a wand of flame (77)
 v - a wand of polymorph (3)
 E - a wand of digging (16)
 G - a wand of light (40)
 H - a wand of paralysis (44)
 M - a wand of mindburst (35)
 Q - a wand of iceblast (23)
Scrolls
 h - 10 scrolls of fear
 i - 9 scrolls of enchant armour
 j - a scroll of silence
 m - 8 scrolls of immolation
 n - 5 scrolls of teleportation
 q - 5 scrolls of blinking
 w - 6 scrolls of revelation
 x - 8 scrolls of fog
 O - 4 scrolls of torment
 V - 5 scrolls of poison
 X - 2 scrolls of summoning
Potions
 a - 8 potions of brilliance
 g - 15 potions of cancellation
 p - 7 potions of haste
 s - 8 potions of heal wounds
 t - 4 potions of invisibility
 z - 16 potions of curing
 A - 4 potions of enlightenment
 C - 10 potions of resistance
 I - a potion of ambrosia
 J - 12 potions of attraction
 L - 6 potions of might
 U - 2 potions of magic
Miscellaneous
 B - a phantom mirror


   Skills:
 + Level 20.4 Fighting
 + Level 18.9 Throwing
 + Level 16.9 Armour
 - Level 15.0 Dodging
 + Level 16.3 Shields
 + Level 20.0 Unarmed Combat
 + Level 18.6 Invocations
 + Level 8.7 Evocations


You had 26 spell levels left.
You didn't know any spells.
Your spell library contained the following spells:

 Spells                   Type           Power      Damage    Failure   Level
 Apportation              Tloc           0%         N/A       100%        1
 Kiss of Death            Conj/Necr      0%         2d5       100%        1
 Magic Dart               Conj           0%         1d3       100%        1
 Necrotise                Necr           0%         1d4       100%        1
 Sandblast                Erth           0%         2d4       100%        1
 Sting                    Tmut/Pois      0%         1d3       100%        1
 Summon Small Mammal      Summ           0%         N/A       100%        1
 Call Imp                 Summ           0%         N/A       100%        2
 Ensorcelled Hibernation  Hex/Ice        0%         N/A       100%        2
 Lesser Beckoning         Tloc           0%         N/A       100%        2
 Passwall                 Tmut/Erth      0%         N/A       100%        2
 Poisonous Vapours        Pois/Air       0%         N/A       100%        2
 Scorch                   Fire           0%         2d5       100%        2
 Searing Ray              Conj           0%         2d4       100%        2
 Call Canine Familiar     Summ           0%         N/A       100%        3
 Confusing Touch          Hex            0%         N/A       100%        3
 Frozen Ramparts          Ice            0%         1d1       100%        3
 Gell's Gravitas          Tloc           0%         N/A       100%        3
 Hailstorm                Conj/Ice       0%         3d3       100%        3
 Ignite Poison            Fire/Tmut/Pois 0%         N/A       100%        3
 Inner Flame              Hex/Fire       0%         N/A       100%        3
 Portal Projectile        Hex/Tloc       0%         N/A       100%        3
 Swiftness                Air            0%         N/A       100%        3
 Teleport Other           Tloc           0%         N/A       100%        3
 Vampiric Draining        Necr           0%         2d6       100%        3
 Vhi's Electric Charge    Tloc/Air       0%         N/A       100%        3
 Volatile Blastmotes      Fire/Tloc      0%         2d10      100%        3
 Animate Armour           Summ/Erth      0%         N/A       100%        4
 Animate Dead             Necr           0%         N/A       100%        4
 Cause Fear               Hex            0%         N/A       100%        4
 Dispel Undead            Necr           0%         3d6       100%        4
 Flame Wave               Conj/Fire      0%         2d4       100%        4
 Fulminant Prism          Conj/Hex       0%         3d5       100%        4
 Iskenderun's Mystic Bla  Conj/Tloc      0%         2d3       100%        4
 Leda's Liquefaction      Hex/Erth       0%         N/A       100%        4
 Manifold Assault         Tloc           0%         N/A       100%        4
 Olgreb's Toxic Radiance  Pois           0%         N/A       100%        4
 Petrify                  Tmut/Erth      0%         N/A       100%        4
 Sticky Flame             Conj/Fire      0%         2d3       100%        4
 Summon Lightning Spire   Summ/Air       0%         N/A       100%        4
 Agony                    Necr           0%         N/A       100%        5
 Alistair's Intoxication  Tmut/Pois      0%         N/A       100%        5
 Arcjolt                  Conj/Air       0%         1d10      100%        5
 Borgnjor's Vile Clutch   Necr/Erth      0%         N/A       100%        5
 Fireball                 Conj/Fire      0%         3d3       100%        5
 Freezing Cloud           Conj/Ice/Air   0%         6-21      100%        5
 Irradiate                Conj/Tmut      0%         3d11      100%        5
 Lee's Rapid Deconstruct  Erth           0%         3d4*      100%        5
 Metabolic Englaciation   Hex/Ice        0%         N/A       100%        5
 Yara's Violent Unravell  Hex/Tmut       0%         3d3       100%        5
 Conjure Ball Lightning   Conj/Air       0%         3x3d6     100%        6
 Dispersal                Tloc           0%         N/A       100%        6
 Eringya's Noxious Bog    Tmut/Pois      0%         4d6       100%        6
 Simulacrum               Ice/Necr       0%         N/A       100%        6
 Starburst                Conj/Fire      0%         6d3       100%        6
 Summon Cactus Giant      Summ           0%         N/A       100%        6
 Enfeeble                 Hex            0%         N/A       100%        7
 Ozocubu's Refrigeration  Ice            0%         4d7       100%        7
 Summon Hydra             Summ           0%         N/A       100%        7
 Disjunction              Tloc           0%         N/A       100%        8
 Lehudib's Crystal Spear  Conj/Erth      0%         10d2      100%        8
 Maxwell's Capacitive Co  Air            0%         ∞         100%        8
 Dragon's Call            Summ           0%         N/A       100%        9
 Sublimation of Blood     Necr           Unusable   N/A       N/A         2
 Wereblood                Tmut           Unusable   N/A       N/A         2

Dungeon Overview and Level Annotations

Branches:
Dungeon (15/15)            Temple (1/1) D:6            Lair (5/5) D:11
 Shoals (4/4) Lair:3        Snake (4/4) Lair:3        Slime (0/5) Lair:5
    Orc (2/2) D:12            Elf (3/3) Orc:2        Vaults (5/5) D:13
  Crypt (3/3) Vaults:3       Tomb (2/3) Crypt:3      Depths (4/4) D:15
    Zot (1/5) Depths:4    Ossuary (visited)          Bailey (visited)
  IceCv (visited)         Volcano (visited)

Altars:
Ashenzari
Cheibriados
Dithmenos
Fedhas
Gozag
Hepliaklqana
Kikubaaqudgha
Makhleb
Nemelex Xobeh
Okawaru
Qazlal
Ru
Sif Muna
Trog
Uskayaw
Vehumet
Wu Jian
Xom
Yredelemnul

Shops:
D:4 (   D:7 ?   D:9 [   D:13 =   Orc:2 :*[!   Elf:3 :   Vaults:1 [   Vaults:3 (
Depths:1 **

Portals:
Hell: Depths:1 Depths:2 Depths:3 Depths:4
Abyss: Depths:3
Pandemonium: Depths:1 Depths:2
Ziggurat: Depths:3
Trove: D:11 (give +5 ice dragon scales)

Annotations:
Lair:5 1 runed translucent door
Elf:1 1 runed translucent door
Vaults:3 6 runed translucent doors


Innate Abilities, Weirdness & Mutations

You are immune to poison.
You have sharp fingernails.
Your flesh is cold resistant. (rC+)
You are immune to negative energy. (rN+++)
You do not regenerate when monsters are visible.
You are immune to unholy pain and torment.
You thrive by killing the living.


Message History

Press: ? - help, Dir - move target
As you read the scroll of blinking, it crumbles to dust.
You block the bennu's attack. x2; The bennu claws you but does no damage.
The mummy priest enters a dispersal trap!
The ushabti blinks!
The guardian mummy blinks!
The bennu blinks!
The skeletal warrior blinks!
The guardian mummy blinks! x2
You blink.
You stop ascending the stairs.
The mummy priest blinks!
The revenant blinks!
The skeletal warrior hits you but does no damage.
The guardian mummy pulls the alarm!
The alarm trap emits a blaring wail!
The mark upon you grows brighter.
Blink to where?
Press: ? - help, Dir - move target
As you read the scroll of blinking, it crumbles to dust.
The mummy priest prays to its god.
You block the skeletal warrior's attack.
You block the bennu's attack.
The bennu claws you but does no damage. x2
The skeletal warrior hits you from afar with a +0 glaive!
* * * LOW HITPOINT WARNING * * *
The ushabti shakes and rattles deafeningly!
You block the bennu's attack.
The bennu claws you but does no damage. x2
You block the skeletal warrior's attack.
A mysterious force pulls you upwards. The hatch slams shut behind you.
There is a one-way staircase leading down here.
Press: ? - help, v - describe, . - travel, g - get item
Here: a bennu Item here: a +2 broad axe of electrocution.
The floor.
Unknown command.
You feel much better.
You feel yourself speed up. The bennu pecks you but does no damage.
You block the bennu's attack. x2
The bennu pecks you!
* * * LOW HITPOINT WARNING * * *
The bennu sears you!!
* * * LOW HITPOINT WARNING * * *
You block the bennu's attack. The bennu claws you!
You die...
Fedhas appreciates your contribution to the ecosystem.

.......#..########^.# #........
.....^.#............# #...†....
.......#............# #........
.......############## #....†...
....................# #........
....................# #........
..^^...###########..# #........
.......#..^#...#.#..# #........
....^..#)#...#.b@#..# #........
.......#.#########..# #........
.....^.#............# #........
##################### #........
#.^...... #........ #........
#########################........
.................................


You could see a bennu.

Vanquished Creatures
  2 dread liches
  2 ancient liches
  Sojobo (Vaults:4)
  Boris (twice) (Crypt:2 Crypt:3)
  Saint Roka (Depths:1)
  A curse toe (Crypt:2)
  Nikola (Elf:3)
  The ghost of Ymilidghe the Brawler, an adept TrGl of Elyvilon (Vaults:3)
  3 golden dragons
  A bone dragon (Depths:4)
  12 liches
  A walking crystal tome (Depths:3)
  Asterion (Vaults:2)
  2 deep elf blademasters (Elf:3)
  3 titans (Vaults:5)
  14 sphinxes
  A quicksilver dragon (Vaults:5)
  Gastronok (Lair:1)
  6 ancient champions
  Kirke (D:15)
  The ghost of Hushro Gotoq the Marksdemigod, an adept DgHu (Elf:2)
  4 storm dragons (Vaults:5)
  5 shadow dragons
  7 tengu reavers
  Ilsuiw (Shoals:3)
  2 revenants
  Donald (Vaults:2)
  8 nagarajas
  A draconian knight (Depths:4)
  5 fire giants
  7 frost giants
  A deep elf elementalist (Elf:3)
  A juggernaut zombie (Crypt:3)
  6 deep elf sorcerers
  16 vault wardens
  A balrug (D:15)
  A draconian scorcher (Depths:4)
  3 curse skulls
  3 orc warlords
  13 ironbound preservers
  23 very ugly things
  4 ghouls (Crypt:2)
  11 vampire knights
  3 formless jellyfish
  2 war gargoyles
  Nessos (Lair:3)
  8 ironbound thunderhulks
  13 stone giants
  7 deep elf demonologists
  A yellow draconian (Depths:4)
  A lorocyproca (Depths:2)
  A purple draconian (Depths:4)
  11 dire elephants
  6 deep elf annihilators
  2 white draconians (Depths:4)
  3 spark wasps (Depths:2)
  A crystal guardian (Vaults:3)
  5 eidola
  6 mummy priests (Tomb:1)
  Josephine (Orc:1)
  3 deep elf death magi
  9 merfolk impalers
  7 merfolk javelineers
  2 deep elf high priests
  3 fire dragons
  13 jiangshi
  6 ettins
  An entropy weaver (Vaults:5)
  11 yaktaur captains
  Fannar (Orc:1)
  29 vault guards
  4 hydras
  2 fenstrider witch zombies
  6 great orbs of eyes
  2 spriggan skeletons (Crypt:3)
  A spriggan air mage (D:15)
  5 ice dragons
  2 peacekeepers
  2 catoblepae
  3 rakshasas
  The ghost of Beotiloa the Arsonist, a journeyman GrEE of Makhleb (Orc:1)
  A merfolk avatar (Shoals:3)
  A fenstrider witch skeleton (Crypt:2)
  6 death knights
  2 ogre magi
  5 ironbound frosthearts
  An anaconda (shapeshifter) (Depths:4)
  4 merfolk aquamancers
  A juggernaut simulacrum (Crypt:3)
  An alligator snapping turtle (Shoals:4)
  14 centaur warriors
  8 two-headed ogres
  A sphinx zombie (Depths:2)
  6 naga warriors
  5 boulder beetles
  22 dancing weapons
  25 death scarabs
  5 tengu warriors
  7 anacondas
  A death yak (Lair:3)
  8 satyrs
  A quicksilver ooze zombie (Crypt:1)
  7 vampire magi
  An orc high priest (Orc:1)
  5 deep troll shamans
  22 naga sharpshooters
  5 spriggan berserkers
  5 shock serpents
  A storm dragon zombie (Depths:2)
  A sun demon (D:15)
  7 deep troll earth magi
  A shock serpent (shapeshifter) (Depths:2)
  16 deep elf knights
  A soul eater (Crypt:2)
  9 hell knights
  A skyshark (Shoals:1)
  4 shadow wraiths
  14 iron trolls
  3 glowing orange brains
  12 sea snakes
  3 salamander mystics (Snake:4)
  A ghost moth zombie (Crypt:1)
  A spriggan druid (Depths:1)
  4 glowing orange brains (shapeshifter)
  46 deep trolls
  An orb spider (shapeshifter) (D:11)
  6 flayed ghosts
  A bunyip skeleton (Crypt:1)
  A shadow dragon zombie (Vaults:5)
  22 skeletal warriors
  10 harpies
  A lindwurm (shapeshifter) (Vaults:5)
  11 wizards
  16 deep elf archers
  Jeremiah (D:6)
  9 orc knights
  14 ironbound convokers
  10 lindwurms
  17 phantasmal warriors
  8 naga ritualists
  11 necromancers
  A shadow dragon skeleton (Vaults:5)
  8 mana vipers
  42 ugly things
  25 deep elf zephyrmancers
  A mana viper (shapeshifter) (Vaults:5)
  A tengu zombie (Depths:2)
  19 deep elf pyromancers
  A wolf spider (shapeshifter) (Depths:3)
  An alligator zombie (Crypt:3)
  19 salamanders
  7 orc sorcerers
  A stone giant zombie (Crypt:1)
  8 cyclopes
  A shining eye (shapeshifter) (Vaults:5)
  30 fauns
  10 manticores
  2 moths of wrath
  14 merfolk sirens
  A frost giant skeleton (Vaults:5)
  A guardian serpent (Snake:3)
  An ice statue (IceCv)
  17 naga magi
  6 water nymphs
  18 vault sentinels
  13 elephants
  A rust devil (Depths:2)
  A shock serpent skeleton (Crypt:2)
  27 black mambas
  A gargoyle (D:12)
  2 torpor snails
  A centaur skeleton (Crypt:3)
  2 yaktaur zombies
  18 cane toads
  3 smoke demons
  2 unseen horrors
  A kobold demonologist (D:13)
  3 rime drakes
  A spriggan zombie (Depths:2)
  An orange demon (Depths:2)
  7 komodo dragons
  21 yaktaurs
  2 efreet
  3 anaconda simulacra
  11 ice devils (IceCv)
  A steelbarb worm zombie (Crypt:1)
  15 freezing wraiths
  5 polar bears
  A yellow draconian skeleton (Crypt:3)
  3 red devils
  4 tyrant leeches
  2 harpy zombies
  A catoblepas skeleton (Crypt:1)
  7 trolls
  7 guardian mummies
  27 merfolk
  6 hornets
  An elf skeleton (Vaults:4)
  4 harpy skeletons
  Prince Ribbit (D:7)
  21 dream sheep
  A tengu simulacrum (Vaults:4)
  7 wind drakes
  6 saltlings (Orc:2)
  A dream sheep (shapeshifter) (D:13)
  23 blink frogs
  45 slime creatures
  3 snapping turtles
  4 flying skulls
  A culicivora (shapeshifter) (Depths:3)
  4 spriggans
  2 ettin skeletons
  A shadow (D:9)
  23 wraiths
  9 wyverns
  A dire elephant simulacrum (IceCv)
  A ynoxinul (Depths:2)
  15 water elementals
  2 air elementals (Elf:1)
  5 ushabtiu
  A wyvern (shapeshifter) (D:9)
  4 fire elementals
  60 yaks
  8 fire bats (Volcano)
  5 basilisks
  3 hogs (D:15)
  3 humans (Bailey)
  18 vampire mosquitoes
  3 death yak simulacra
  Menkaure (D:4)
  6 steam dragons
  A skyshark zombie (Crypt:3)
  3 harpy simulacra
  A hydra simulacrum (Lair:4)
  5 wargs
  54 nagas
  A naga skeleton (Crypt:3)
  A faun skeleton (Crypt:3)
  2 acid dragons
  11 water moccasins
  Duvessa (D:4)
  A merfolk skeleton (Crypt:2)
  A swamp drake (shapeshifter) (Depths:2)
  A hornet zombie (Crypt:3)
  23 orc warriors
  2 ice beasts
  An ettin simulacrum (Depths:2)
  2 sky beasts (D:7)
  3 black bears
  A merfolk simulacrum (Crypt:1)
  A lindwurm zombie (Crypt:2)
  7 ogres
  34 wolves
  A boggart (Vaults:2)
  15 centaurs
  A hog zombie (Crypt:1)
  A phantom (D:5)
  A rime drake zombie (Crypt:1)
  A kobold brigand (D:10)
  23 bullfrogs
  2 earth elementals (Elf:1)
  4 gnoll sergeants (D:8)
  2 scorpions
  3 cane toad simulacra (IceCv)
  A two-headed ogre simulacrum (IceCv)
  Dowan (D:4)
  17 wights
  A warg skeleton (Crypt:1)
  A polar bear zombie (Crypt:3)
  5 elephant simulacra (IceCv)
  19 killer bees
  A rime drake simulacrum (Lair:4)
  5 electric eels
  4 howler monkeys
  2 centaur zombies (Ossuary)
  2 komodo dragon simulacra (Lair:4)
  A human simulacrum (Vaults:4)
  4 human zombies
  3 jellies
  15 orc priests
  5 hounds
  2 gnoll boudas (D:8)
  A sleepcap (D:5)
  6 iguanas
  18 orc wizards
  6 polar bear simulacra (IceCv)
  Natasha (thrice) (D:4)
  4 spriggan simulacra
  2 troll simulacra (D:11)
  4 wolf simulacra (IceCv)
  A deep dwarf zombie (Crypt:2)
  An ogre skeleton (Crypt:2)
  A hound skeleton (Crypt:2)
  12 mummies
  4 gnolls
  6 adders
  6 naga simulacra
  4 white imps
  An ufetubus (D:4)
  A worm (D:2)
  3 dart slugs
  74 orcs
  5 ball pythons
  9 bats
  10 endoplasms
  4 giant cockroaches
  10 goblins
  9 hobgoblins
  4 jackals (D:2)
  11 kobolds
  3 quokkas
  3 training dummies (D:4)
  A dart slug zombie (Crypt:3)
  2 frilled lizards (D:1)
  A gnoll skeleton (Crypt:3)
  A goblin zombie (Ossuary)
  2 kobold zombies (Ossuary)
  7 rats
  A rat skeleton (Crypt:3)
  2 ballistomycete spores
  A butterfly (Lair:2)
2073 creatures vanquished.

Vanquished Creatures (collateral kills)
  Vashnia (Snake:4)
  The ghost of Wusuin the Warrior, an adept MiBe of Trog (Shoals:1)
  A titan (Shoals:3)
  2 sphinxes
  2 tengu reavers (Vaults:5)
  Roxanne (D:15)
  A nagaraja (Snake:4)
  A storm dragon (Vaults:5)
  A revenant (Crypt:3)
  A deep elf sorcerer (Vaults:5)
  Louise (Shoals:3)
  4 vault wardens
  An ironbound preserver (Vaults:4)
  4 ironbound thunderhulks
  3 stone giants
  The ghost of t4s4d4r the Black Belt, a journeyman OpFi of Gozag (Lair:4)
  A deep elf annihilator (Elf:3)
  An ettin (Vaults:5)
  A merfolk javelineer (Shoals:4)
  A deep elf high priest (Vaults:5)
  2 centaur warriors (Vaults:2)
  A two-headed ogre (Orc:2)
  A merfolk aquamancer (Shoals:3)
  3 dancing weapons (Elf:2)
  A death scarab (Tomb:2)
  A deep troll earth mage (Vaults:5)
  2 naga sharpshooters (Snake:4)
  An orc high priest (Orc:2)
  A deep elf knight (Elf:2)
  A hell knight (Depths:1)
  An iron troll (Depths:1)
  A lindwurm (Vaults:2)
  2 deep trolls (Vaults:4)
  2 sea snakes
  2 phantasmal warriors (Vaults:5)
  A necromancer (Vaults:5)
  An ironbound convoker (Vaults:1)
  2 deep elf pyromancers
  2 deep elf zephyrmancers
  4 orc knights
  A mana viper (Snake:4)
  4 manticores
  2 fauns
  A cyclops (Shoals:4)
  2 vault sentinels (Vaults:2)
  A centaur skeleton (Crypt:3)
  A freezing wraith (IceCv)
  A guardian mummy (Tomb:2)
  3 ice devils (IceCv)
  7 yaktaurs
  2 red devils (Elf:1)
  3 merfolk (Shoals:4)
  A slime creature (Vaults:4)
  A warg (Orc:2)
  5 orc warriors
  An ogre (Orc:2)
  7 orcs
  66 ballistomycete spores
171 creatures vanquished.

Vanquished Creatures (others)
  2 deep elf master archers (Elf:3)
  A deep elf sorcerer (Elf:3)
  A deep elf elementalist (Elf:3)
  6 deep elf demonologists (Elf:3)
  3 deep elf annihilators (Elf:3)
  A deep elf death mage (Elf:3)
  A fire dragon (Depths:4)
  2 deep elf high priests (Elf:3)
  7 deep elf knights
  A wizard (Vaults:2)
  6 deep elf zephyrmancers
  6 deep elf pyromancers
  A manticore (Shoals:4)
  An orc (Orc:1)
  6 ballistomycete spores
45 creatures vanquished.

Grand Total: 2289 creatures vanquished

Notes
Turn   | Place    | Note
-------+----------+-------------------------------------------
     0 | D:1      | conein the Ghoul Gladiator began the quest for the Orb.
     0 | D:1      | Reached XP level 1. HP: 17/17 MP: 0/0
     2 | D:1      | Upgraded the game from 0.31-a0-538-gbc85326fa9 to
                  | 0.31-a0-542-gdc2a67831c
   143 | D:1      | Reached XP level 2. HP: 24/25 MP: 1/1
   157 | D:1      | Found a faded altar of an unknown god.
   408 | D:1      | Reached skill level 1 in Armour
   408 | D:1      | Reached XP level 3. HP: 25/30 MP: 2/2
  1418 | D:2      | Reached XP level 4. HP: 38/38 MP: 3/3
  2185 | D:3      | Found a basalt altar of Yredelemnul.
  2221 | D:3      | Identified the +0 leather armour "Saegh" {rC- Will+ Dex+3}
  2302 | D:3      | Identified the +11 rapier of Quick Death {vamp, rF+ rN+}
  2520 | D:4      | You fall into a shaft and drop 1 floor!
  2520 | D:5      | Entered Level 5 of the Dungeon
  2646 | D:5      | Noticed a scorpion
  2658 | D:5      | Reached XP level 5. HP: 45/45 MP: 4/4
  2679 | D:5      | Reached XP level 6. HP: 39/51 MP: 5/5
  3063 | D:5      | Reached XP level 7. HP: 59/59 MP: 6/6
  3179 | D:5      | Reached skill level 5 in Unarmed Combat
  3187 | D:5      | Found a sand-covered staircase.
  3196 | Ossuary  | Entered an ossuary
  3666 | D:5      | Reached XP level 8. HP: 53/67 MP: 7/7
  3758 | D:4      | Found Potem's Firing Range.
  3879 | D:4      | Noticed Duvessa
  3880 | D:4      | Noticed Dowan
  4028 | D:3      | Reached skill level 5 in Fighting
  4219 | D:4      | Killed Duvessa
  4228 | D:4      | Killed Dowan
  4365 | D:4      | Noticed Natasha
  4365 | D:4      | Noticed Menkaure
  4376 | D:4      | Killed Natasha
  4384 | D:4      | Killed Menkaure
  4385 | D:4      | Reached skill level 5 in Dodging
  4618 | D:4      | Noticed Natasha
  4626 | D:4      | Killed Natasha
  4704 | D:4      | Noticed Natasha
  4709 | D:4      | Killed Natasha
  5124 | D:6      | Noticed Jeremiah
  5920 | D:6      | Found a staircase to the Ecumenical Temple.
  6024 | D:7      | Noticed a hornet
  6072 | D:7      | Reached skill level 1 in Shields
  6072 | D:7      | Reached XP level 9. HP: 75/75 MP: 8/8
  6107 | D:7      | Found Zoli's Magic Scroll Shoppe.
  6119 | D:7      | Bought a scroll of teleportation for 30 gold pieces
  6377 | D:8      | Noticed a cyclops
  6452 | D:7      | Killed a hornet
  6511 | D:7      | Reached skill level 5 in Throwing
  6541 | D:7      | Paralysed by a wight for 2 turns
  6578 | D:7      | Reached skill level 5 in Armour
  6624 | D:7      | Noticed Prince Ribbit
  6625 | D:7      | Upgraded the game from 0.31-a0-542-gdc2a67831c to
                  | 0.31-a0-544-gceb718ecc6
  6639 | D:7      | Killed Prince Ribbit
  6963 | Temple   | Entered the Ecumenical Temple
  7007 | Temple   | Became a worshipper of Fedhas Madash
  7132 | D:6      | Killed Jeremiah
  7133 | D:6      | Reached XP level 10. HP: 71/86 MP: 9/9
  7535 | D:7      | Found a snail-covered altar of Cheibriados.
  7535 | D:7      | Found a sacrificial altar of Ru.
  7784 | D:7      | Killed an unseen horror
  8273 | D:8      | Reached skill level 1 in Invocations
  8428 | D:8      | Found an ancient bone altar of Kikubaaqudgha.
  8484 | D:8      | Reached * piety under Fedhas
  8934 | D:8      | Identified the +2 hand axe "Umeif" {venom, rN+ Will+ Dex-3}
  9095 | D:8      | Killed a cyclops
  9096 | D:8      | Reached XP level 11. HP: 94/94 MP: 11/11
  9783 | D:9      | Noticed a cyclops
  9791 | D:9      | Reached ** piety under Fedhas
  9800 | D:9      | Killed a cyclops
  9937 | D:9      | Noticed a purple ugly thing
  9973 | D:9      | Killed a purple ugly thing
 10055 | D:9      | Reached skill level 5 in Shields
 10163 | D:9      | Found Palom's Armour Boutique.
 10627 | D:10     | Entered Level 10 of the Dungeon
 10911 | D:10     | Found a flagged portal.
 10917 | Bailey   | Entered a bailey
 10939 | Bailey   | Reached *** piety under Fedhas
 11144 | Bailey   | Noticed a vault guard
 11183 | Bailey   | Killed a vault guard
 11365 | Bailey   | Noticed a vault guard
 11387 | Bailey   | Killed a vault guard
 11388 | Bailey   | Reached XP level 12. HP: 86/104 MP: 11/14
 11563 | D:10     | Noticed a two-headed ogre
 11574 | D:10     | Killed a two-headed ogre
 12395 | D:11     | Reached skill level 5 in Invocations
 12600 | D:11     | Noticed a two-headed ogre
 12615 | D:11     | Killed a two-headed ogre
 12725 | D:11     | Found a frozen archway.
 12823 | IceCv    | Entered an ice cave
 12881 | IceCv    | Reached **** piety under Fedhas
 13693 | IceCv    | Found an ancient bone altar of Kikubaaqudgha.
 14104 | IceCv    | Reached skill level 10 in Unarmed Combat
 14618 | IceCv    | Reached skill level 10 in Fighting
 14621 | IceCv    | Reached XP level 13. HP: 50/113 MP: 16/16
 14633 | IceCv    | Identified the ring "Obruc" {rC- rN+ MP-9 Str+6 Dex+2}
 15172 | D:11     | Found a staircase to the Lair.
 15796 | D:11     | Found a portal to a secret trove of treasure.
 15929 | D:11     | Noticed a stone giant
 16120 | Lair:1   | Entered Level 1 of the Lair of Beasts
 17082 | Lair:1   | Reached ***** piety under Fedhas
 17228 | Lair:1   | Identified the +3 robe of Ywauh {rN+ Int+3}
 17344 | Lair:1   | Found the +3 pair of gauntlets of War {Slay+5}
 18371 | Lair:2   | Noticed Gastronok
 18389 | Lair:1   | Killed Gastronok
 18520 | D:9      | Bought the +3 crown of Dyrovepreva {rElec Int+2 SInv} for
                  | 621 gold pieces
 18520 | D:9      | Found the +3 crown of Dyrovepreva {rElec Int+2 SInv}
 19361 | Lair:3   | Reached XP level 14. HP: 122/122 MP: 18/18
 19618 | D:4      | Bought a throwing net for 36 gold pieces
 19618 | D:4      | Bought a throwing net for 36 gold pieces
 19986 | Lair:3   | Found a staircase to the Shoals.
 20227 | Lair:3   | Noticed Nessos
 20242 | Lair:3   | Killed Nessos
 20582 | Lair:3   | Found a staircase to the Snake Pit.
 20721 | Lair:4   | Found a runed translucent gate.
 20721 | Lair:4   | Found a runed translucent gate.
 20721 | Lair:4   | Found a runed translucent gate.
 21256 | Lair:4   | Noticed t4s4d4r's ghost (journeyman OpFi)
 21902 | Lair:4   | Identified the +8 quick blade of the Pit {drain, rF+ MP+9
                  | Str+3}
 21968 | Lair:4   | Killed t4s4d4r's ghost
 22135 | Lair:5   | Entered Level 5 of the Lair of Beasts
 22469 | Lair:5   | Found a runed translucent door.
 22470 | Lair:5   | Noticed an azure jelly
 22471 | Lair:5   | Noticed an azure jelly
 22472 | Lair:5   | Found a staircase to the Slime Pits.
 22472 | Lair:5   | Noticed an azure jelly
 22910 | Lair:5   | Reached skill level 10 in Throwing
 23023 | Lair:5   | Reached skill level 10 in Dodging
 23707 | Lair:5   | Reached XP level 15. HP: 118/132 MP: 20/20
 23880 | Lair:5   | Got the Grimoire of Battle Magic
 24011 | Lair:5   | Reached ****** piety under Fedhas
 24412 | D:11     | Identified the ring "Werchy" {rF+++ AC+4 Str-3 Dex-5
                  | Stlth+}
 24419 | D:11     | Identified the +0 chain mail "Ysyleg" {rF+ rN+}
 24456 | D:12     | Found a staircase to the Orcish Mines.
 24494 | D:12     | Found a sparkling altar of Nemelex Xobeh.
 25806 | D:13     | Found Aczot's Jewellery Emporium.
 26271 | D:13     | Reached skill level 10 in Armour
 27136 | D:13     | Found a gate to the Vaults.
 29216 | Snake:1  | Entered Level 1 of the Snake Pit
 29620 | Snake:1  | Found the +4 Cigotuvi's embrace {Corpsefed rMiasma Drain
                  | rN+}
 29682 | Snake:1  | Reached skill level 10 in Invocations
 30102 | Snake:1  | Upgraded the game from 0.31-a0-544-gceb718ecc6 to
                  | 0.31-a0-557-g6e16503903
 30110 | Snake:1  | Reached XP level 16. HP: 141/141 MP: 22/22
 30639 | Snake:2  | Noticed a nagaraja
 30662 | Snake:2  | Killed a nagaraja
 31496 | Snake:2  | Noticed a nagaraja
 31517 | Snake:2  | Killed a nagaraja
 31816 | Snake:3  | Noticed a nagaraja
 31838 | Snake:3  | Killed a nagaraja
 33213 | Snake:3  | Noticed a nagaraja
 33277 | Snake:3  | Killed a nagaraja
 33890 | Snake:4  | Entered Level 4 of the Snake Pit
 33904 | Snake:4  | Noticed Vashnia
 34187 | Snake:4  | Reached skill level 10 in Shields
 34631 | Snake:4  | Paralysed by a naga sharpshooter for 2 turns
 34900 | Snake:4  | Noticed a nagaraja
 35081 | Snake:4  | Killed a nagaraja
 35822 | Snake:4  | Reached XP level 17. HP: 140/150 MP: 24/24
 37426 | Snake:4  | Killed Vashnia
 37752 | Snake:4  | Got a serpentine rune of Zot
 38057 | D:13     | Bought a ring of willpower for 425 gold pieces
 38083 | Orc:1    | Entered Level 1 of the Orcish Mines
 38359 | Orc:1    | Noticed Fannar
 38385 | Orc:1    | Killed Fannar
 38424 | Orc:1    | Found a runed translucent gate.
 38424 | Orc:1    | Found a runed translucent gate.
 38424 | Orc:1    | Found an opulent altar of Gozag.
 38425 | Orc:1    | Found a runed translucent gate.
 38428 | Orc:1    | Noticed Beotiloa's ghost (journeyman GrEE)
 38495 | Orc:1    | Noticed Josephine
 38505 | Orc:1    | Killed Josephine
 38743 | Orc:1    | Killed Beotiloa's ghost
 38839 | Orc:2    | Entered Level 2 of the Orcish Mines
 38854 | Orc:2    | Found a staircase to the Elven Halls.
 39036 | Orc:2    | Found Zumatoec's Antique Armour Shoppe.
 39038 | Orc:2    | Found Bolar's Assorted Antiques.
 39256 | Orc:2    | Bought a scroll of fear for 132 gold pieces
 39256 | Orc:2    | Bought a smoky emerald potion for 29 gold pieces
 39256 | Orc:2    | Bought a potion of heal wounds for 165 gold pieces
 39256 | Orc:2    | Bought a scroll of fog for 132 gold pieces
 39448 | Orc:2    | Found a dark tunnel.
 39453 | Volcano  | Entered a volcano
 40024 | Orc:2    | Found Suworch's Book Shop.
 40545 | Orc:2    | Found Xahemmof's Distillery.
 40570 | Orc:2    | Bought a potion of curing for 51 gold pieces
 40570 | Orc:2    | Bought a potion of heal wounds for 85 gold pieces
 40570 | Orc:2    | Bought a potion of curing for 51 gold pieces
 40588 | Orc:2    | Bought the +3 pair of mountain boots {steadfast, rC+} for
                  | 938 gold pieces
 40588 | Orc:2    | Found the +3 pair of mountain boots {steadfast, rC+}
 40694 | D:15     | Entered Level 15 of the Dungeon
 40707 | D:14     | Reached XP level 18. HP: 88/161 MP: 26/26
 40815 | D:15     | Noticed Roxanne
 41479 | D:15     | Killed Roxanne
 41837 | D:15     | Reached XP level 19. HP: 168/168 MP: 27/27
 41917 | D:15     | Found a staircase to the Depths.
 41957 | D:15     | Noticed Kirke
 41972 | D:15     | Killed Kirke
 42491 | D:15     | Upgraded the game from 0.31-a0-557-g6e16503903 to
                  | 0.31-a0-564-g3b7de120b3
 42596 | Elf:1    | Entered Level 1 of the Elven Halls
 42596 | Elf:1    | Found a runed translucent gate.
 42596 | Elf:1    | Found a runed translucent gate.
 42596 | Elf:1    | Found a runed translucent gate.
 42596 | Elf:1    | Found a runed translucent gate.
 42596 | Elf:1    | Found a runed translucent gate.
 42596 | Elf:1    | Found a runed translucent gate.
 42728 | Shoals:1 | Entered Level 1 of the Shoals
 42771 | Shoals:1 | Noticed Wusuin's ghost (adept MiBe)
 42785 | Shoals:1 | Found a bloodstained altar of Trog.
 42828 | Shoals:1 | Found a transporter.
 43202 | Shoals:1 | Found a transporter.
 43726 | Shoals:1 | Killed Wusuin's ghost
 44005 | Shoals:1 | Identified the +4 chain mail of Qadako {rElec Str+2 Int+3}
 44007 | Shoals:1 | Reached skill level 15 in Fighting
 44007 | Shoals:1 | Reached XP level 20. HP: 178/178 MP: 28/28
 44282 | Shoals:2 | Identified the ring "Witaetra" {rF+ rC+ Will+}
 44759 | Shoals:2 | Identified a scroll of acquirement
 44773 | Shoals:2 | Acquired 1320 gold pieces
 45136 | Shoals:3 | Reached skill level 15 in Unarmed Combat
 45847 | Shoals:3 | Noticed Louise
 45874 | Shoals:3 | Reached skill level 15 in Throwing
 45879 | Shoals:3 | Killed Louise
 46985 | Shoals:4 | Entered Level 4 of the Shoals
 46987 | Shoals:4 | Found a flickering gateway to a bazaar.
 47045 | Bazaar   | Entered a bazaar
 47045 | Bazaar   | Found Japtil's Armour Shop.
 47045 | Bazaar   | Found Udugior's Magic Scroll Shoppe.
 47213 | Bazaar   | Found Dolucon's Jewellery Shop.
 47213 | Bazaar   | Found Meuping's Book Emporium.
 47246 | Bazaar   | Bought a scroll of teleportation for 45 gold pieces
 47246 | Bazaar   | Bought a scroll of summoning for 142 gold pieces
 47246 | Bazaar   | Bought a scroll of fog for 60 gold pieces
 47246 | Bazaar   | Bought a scroll of fog for 60 gold pieces
 47246 | Bazaar   | Bought a scroll of enchant armour for 112 gold pieces
 47707 | Shoals:4 | Reached XP level 21. HP: 166/185 MP: 30/30
 48571 | Shoals:4 | Noticed Ilsuiw
 48653 | Shoals:3 | Killed Ilsuiw
 49589 | Shoals:4 | Found Toevvauc's Weapon Shoppe.
 50332 | Shoals:4 | Got the Compendium of Open Graves and Accomplices
 50537 | Shoals:4 | Got a barnacled rune of Zot
 51053 | Elf:1    | Found a runed translucent door.
 51156 | Elf:1    | Found a runed translucent door.
 51205 | Elf:1    | Acquired the +0 crystal plate armour "Laomier" {-Cast +Inv
                  | rF++ Regen+}
 51406 | Elf:1    | Paralysed by an air elemental for 1 turns
 51733 | Elf:1    | Identified the ring "Catolooc" {Will+ Int+2 Slay+4}
 51738 | Elf:1    | Identified the amulet of Hataenn {Fragile rPois Regen+
                  | Slay+6}
 52702 | Elf:2    | Found a runed translucent gate.
 52702 | Elf:2    | Found a runed translucent gate.
 52702 | Elf:2    | Found a runed translucent gate.
 52702 | Elf:2    | Noticed Hushro Gotoq's ghost (adept DgHu)
 53129 | Elf:2    | Found a runed translucent gate.
 53129 | Elf:2    | Found a runed translucent gate.
 53130 | Elf:2    | Found a runed translucent gate.
 53375 | Elf:2    | Killed Hushro Gotoq's ghost
 53582 | Elf:2    | Reached XP level 22. HP: 196/196 MP: 31/31
 54013 | Elf:3    | Entered Level 3 of the Elven Halls
 54534 | Elf:3    | Noticed Nikola
 54735 | Elf:3    | Found Xudiohe's Book Shoppe.
 54810 | Elf:3    | Killed Nikola
 55022 | Elf:3    | Identified the +6 trident of Anoatuq {spect, Str-4 Int+4}
 55022 | Elf:3    | Identified the ring "Koutom" {rC+ rN+ Will+ Str+5}
 55422 | Elf:3    | Identified the staff "Zouticih" {rN+ Int+2 Necro}
 55445 | Elf:3    | Identified the +4 flail of the Dark Horse {elec, rF+}
 55448 | Elf:3    | Identified the +4 scale mail of Impeta Omid {+Inv}
 55459 | Elf:3    | Identified the ring "Zuija" {Contam rF+ rN+ Dex+3}
 55469 | Elf:3    | Got Sif Muna's Lectures on the Mutagenic Gift
 55474 | Elf:3    | Got the Papyrus of the Chill and Rot
 55476 | Elf:3    | Got the Lessons on Earthen Filth
 55494 | Elf:3    | Got Zoan's Enchiridion on Anemomancy and Bombardment
 55825 | Vaults:1 | Entered Level 1 of the Vaults
 56944 | Vaults:1 | Found Wiorad's Armour Shop.
 57690 | Vaults:2 | Reached skill level 15 in Invocations
 58353 | Vaults:2 | Noticed Donald
 58387 | Vaults:2 | Killed Donald
 58401 | Vaults:2 | Reached XP level 23. HP: 126/205 MP: 27/33
 58816 | Vaults:2 | Identified the ring "Utip" {+Blink AC+4}
 58845 | Vaults:2 | Identified the +6 plate armour of the Lobster {-Cast Dex+5}
 58916 | Vaults:2 | Identified the +9 mace of the Arcadian God {drain, Int+4}
 59347 | Vaults:2 | Identified the +8 battleaxe of the Whale {antimagic, rElec}
 59645 | Vaults:3 | Noticed Asterion
 59801 | Vaults:2 | Killed Asterion
 60002 | Vaults:3 | Found Lappaps's Antique Weapon Shop.
 60386 | Vaults:3 | Found a large runed translucent door.
 60386 | Vaults:3 | Found a large runed translucent door.
 60386 | Vaults:3 | Found a large runed translucent door.
 60386 | Vaults:3 | Found a large runed translucent door.
 60386 | Vaults:3 | Found a large runed translucent door.
 60386 | Vaults:3 | Found a large runed translucent door.
 60386 | Vaults:3 | Found a large runed translucent door.
 60386 | Vaults:3 | Found a large runed translucent door.
 60386 | Vaults:3 | Noticed Ymilidghe's ghost (adept TrGl)
 60425 | Vaults:3 | Found a staircase to the Crypt.
 60425 | Vaults:3 | Found a basalt altar of Yredelemnul.
 60425 | Vaults:3 | Found an ancient bone altar of Kikubaaqudgha.
 61807 | Vaults:3 | Killed Ymilidghe's ghost
 62898 | Vaults:4 | Reached skill level 15 in Dodging
 63519 | Vaults:4 | Noticed Sojobo
 63539 | Vaults:4 | Killed Sojobo
 63540 | Vaults:4 | Reached skill level 1 in Evocations
 63553 | Vaults:4 | Reached XP level 24. HP: 162/216 MP: 34/34
 64040 | Vaults:5 | Entered Level 5 of the Vaults
 64471 | Vaults:5 | Reached skill level 15 in Armour
 64543 | Vaults:5 | Identified the +5 trident of Malum In Se {freeze, SInv
                  | Stlth+}
 64843 | Vaults:5 | Noticed a dread lich
 64860 | Vaults:5 | Killed a dread lich
 65137 | Vaults:5 | Identified the +9 rapier of Beogh's Displeasure {speed,
                  | Str+4}
 66050 | Vaults:5 | Identified the +11 morningstar of the Incandescent {vamp,
                  | Fly Will+ Stlth+}
 66129 | Vaults:5 | Got a silver rune of Zot
 66142 | Vaults:5 | Identified the +1 short sword of Certain Death {drain,
                  | rElec rC+}
 66176 | Vaults:5 | Identified the +0 scale mail "Pupopudd" {*Corrode rN+ Will+
                  | Int+5}
 66190 | Vaults:5 | Noticed an ancient lich
 66209 | Vaults:5 | Killed an ancient lich
 66723 | Vaults:5 | Reached XP level 25. HP: 222/226 MP: 34/34
 67195 | Vaults:5 | Upgraded the game from 0.31-a0-564-g3b7de120b3 to
                  | 0.31-a0-574-g69dc8cc98e
 67467 | Depths:1 | Entered Level 1 of the Depths
 67467 | Depths:1 | Found a one-way gate leading to the halls of Pandemonium.
 67835 | Depths:1 | Reached skill level 5 in Evocations
 67850 | Depths:1 | Found Xerawk's General Store.
 67854 | Depths:1 | Bought a potion of resistance for 110 gold pieces
 67854 | Depths:1 | Found Giucvidi's Assorted Antiques.
 67860 | Depths:1 | Bought a scroll of summoning for 228 gold pieces
 67860 | Depths:1 | Bought a glowing cloak for 180 gold pieces
 67860 | Depths:1 | Bought a potion of curing for 72 gold pieces
 67860 | Depths:1 | Bought a potion of enlightenment for 120 gold pieces
 68186 | Depths:1 | Reached skill level 15 in Shields
 68587 | Depths:1 | Noticed Saint Roka
 68621 | Depths:1 | Killed Saint Roka
 68989 | Depths:1 | Found a gateway to Hell.
 70411 | Depths:2 | Found an ornate altar of the Wu Jian Council.
 70766 | Depths:3 | Found a one-way gateway to a ziggurat.
 71391 | Depths:3 | Found a one-way gate to the infinite horrors of the Abyss.
 71624 | Depths:3 | Found an iron altar of Okawaru.
 71685 | Depths:4 | Entered Level 4 of the Depths
 71785 | Depths:3 | Identified the +8 quarterstaff "Qauff" {protect, rElec
                  | Dex+5}
 72017 | Depths:4 | Found a hazy altar of Hepliaklqana.
 72470 | Depths:4 | Reached XP level 26. HP: 195/237 MP: 34/34
 73042 | Depths:4 | Found a gate to the Realm of Zot.
 73247 | Zot:1    | Entered Level 1 of the Realm of Zot
 73615 | Crypt:1  | Entered Level 1 of the Crypt
 73682 | Crypt:1  | Found an ancient bone altar of Kikubaaqudgha.
 76261 | Crypt:3  | Entered Level 3 of the Crypt
 76691 | Crypt:3  | Noticed Boris
 77004 | Crypt:3  | Found the +10 zealot's sword {holy, Zealotry, *Rage rN+
                  | EV+3}
 77018 | Crypt:3  | Found a staircase to the Tomb.
 77356 | Crypt:3  | Noticed an ancient lich
 77449 | Crypt:2  | Killed Boris
 77782 | Crypt:2  | Killed an ancient lich
 77835 | Crypt:3  | Found the +12 pair of quick blades "Gyre" and "Gimble"
                  | {protect}
 78008 | Crypt:3  | Noticed a dread lich
 78025 | Crypt:3  | Killed a dread lich
 78371 | Tomb:1   | Entered Level 1 of the Tomb of the Ancients
 78402 | Tomb:1   | Noticed Boris
 78495 | Crypt:3  | Killed Boris
 78791 | Tomb:1   | Reached XP level 27. HP: 209/246 MP: 35/35
 79570 | Tomb:1   | Paralysed by a Zot trap for 5 turns
 79823 | Tomb:2   | Noticed a royal mummy
 79827 | Tomb:2   | Noticed a royal mummy
 79827 | Tomb:2   | Noticed a royal mummy
 79830 | Tomb:2   | Noticed a royal mummy
 79879 | Tomb:1   | HP: 5/248 [bennu (20)]
 79879 | Tomb:1   | Slain by a bennu

Illustrated notes

Levels and vault maps discovered:
D:1:      dpeg_arrival_simpleton_a, layout_loops_ring,
          hellmonk_ecumenical_altar_slurped_away, nicolae_twisty_statue_hallways
D:2:      cheibrodos_old_hovel, layout_basic, minivault_14,
          minmay_misc_feat_room, chequers_mini_garden, serial_bayou_lake_a
D:3:      layout_loops_cross, mainiacjoe_overflow_boulevard
D:4:      layout_loops_ring, nicolae_shop_firing_range, uniq_natasha,
          uniq_menkaure, uniq_duvessa
D:5:      layout_loops_ring, gup_ossuary_entry_pyramid, st_stairs_6,
          chequers_serial_rivers_small_a, grunt_tough_drop
D:6:      layout_basic, minmay_temple_entry_overgrown, minmay_misc_feat_columns,
          uniq_jeremiah
D:7:      layout_rooms, gammafunk_temple_overflow_elements, serial_shops, shop,
          hangedman_minor_gate_pass, uniq_prince_ribbit1
D:8:      layout_basic, kiku_gazebo_pond_becter, pf_guarded_unrand_woodcutter
D:9:      minmay_ornate_pinched, layout_loops_ring, serial_shops,
          shop_fountains, minmay_misc_feat_five, kennysheep_potato
D:10:     layout_cave_pods, enter_bailey_3
D:11:     minmay_shrinking_squares, layout_rooms, lair_entry_dummy,
          nicolae_trove_entry_diagonal, portal_ice_cave_entry_ice_simulacra,
          serial_glass, glass_columns_a, glass_columns_c, glass_columns_a,
          glass_columns_c, glass_columns_a, glass_columns_a
D:12:     layout_loops_cross, orc_0_dummy, corexii_leaking_fountain,
          nemelex_xobeh_ov_fountains_minmay
D:13:     layout_basic, david_vaults_4, serial_shops, shop
D:14:     layout_basic, minmay_door_square
D:15:     grunt_enter_depths_snipers, layout_rooms, minmay_large_rounded_square,
          uniq_roxanne, uniq_kirke
Temple:   mainiacjoe_temple_bowtie_tessellation
Lair:1:   beast_lair_carwin_large_1, layout_regular_city, grunt_megastairs_1
Lair:2:   layout_regular_city, lemuel_fruit_fields, serial_bayou_shore_b,
          uniq_gastronok
Lair:3:   layout_long_grid, elwin_shoals_entry_rooms,
          nicolae_snake_entry_squirm, uniq_nessos
Lair:4:   layout_regular_city, gammafunk_ghost_icy, lemuel_fruit_tree
Lair:5:   minmay_lair_end_frog_pond, layout_misc_corridors, slime_entry_2,
          roderic_batcave, lemuel_fruit_fields
Shoals:1: layout_shoals, gammafunk_ghost_wrathful_warriors
Shoals:2: layout_shoals, nicolae_shoals_circle_sea_wall
Shoals:3: cheibrodos_shoals_gigantism, layout_shoals, uniq_louise
Shoals:4: shoals_end_grunt_garden, layout_shoals, shoals_ilsuiw_ice,
          serial_shops, bzr_entry_dummy, shop, yaktaur_hedge
Snake:1:  layout_onion_interference
Snake:2:  layout_misc_corridors, nicolae_snake_salamander_jacuzzi,
          serial_bayou_shore_b
Snake:3:  layout_cave_pods
Snake:4:  johnstein_snake_rune_scales, layout_onion, uniq_vashnia
Orc:1:    layout_caves, ebering_ghost_gozag, uniq_fannar, uniq_josephine
Orc:2:    hellmonk_orc_salted, layout_caves, enter_volcano_4
Elf:1:    nicolae_elf_arrival_dilemma, layout_gridlike,
          kennysheep_underground_church, einodemon_armed_red_devil_minivault
Elf:2:    elven_hall_of_blades_hangedman_original
          [nicolae_vaults_blade_armed_guards], layout_onion_city,
          ebering_ghost_rock_garden
Elf:3:    elf_hall, layout_geoelf_diagonals, serial_shops,
          nicolae_lakefront_shop, uniq_nikola
Vaults:1: dpeg_vaults_monster_row, ontoclasm_vaults_eye, v_rooms_2,
          grunt_vaults_twisty, vaults_room_grunt_arrival_ludios,
          hangedman_vaults_stretched_pinwheel, nicolae_vaults_tetromino_T_2,
          nicolae_vaults_taking_the_gang_shopping, layout_vaults_chaotic_city
Vaults:2: nicolae_vaults_closet_pinwheel_2, nicolae_vaults_sesquioval_fish,
          v_misc_9, nicolae_vaults_diamond_1, v_misc_24, vaults_mumra_hexcomb,
          v_misc_8, vaults_standard_mumra_enter_the_diamond,
          nicolae_vaults_heart-shaped_vault,
          nicolae_vaults_storing_the_good_stuff, layout_vaults_omnigrid,
          uniq_donald
Vaults:3: advil_vaults_ghost_lines, nicolae_vaults_antechamber_and_loot_room,
          minmay_crypt_entry_necro_gods, hangedman_vaults_hat,
          vaults_room_large_hall, vaults_dpeg_doors, nicolae_vaults_mitosis,
          ontoclasm_vaults_bender, hangedman_vaults_snaps,
          nicolae_vaults_two_Ls, vaults_room_door_ring,
          nicolae_vaults_variable_pillar_hall, grunt_vaults_diagonal, v_misc_2,
          layout_vaults_omnibox, serial_shops, shop, uniq_asterion
Vaults:4: vaults_room_ringed_pool, v_misc_10, vaults_room_corners,
          nicolae_vaults_weapon_check, nicolae_vaults_little_squares_6,
          nicolae_vaults_network_quincunx
          [nicolae_vaults_network_quincunx_subvault,
          nicolae_vaults_network_quincunx_subvault,
          nicolae_vaults_network_quincunx_subvault,
          nicolae_vaults_network_quincunx_subvault,
          nicolae_vaults_network_quincunx_subvault], ontoclasm_vaults_tryst,
          nicolae_vaults_network_s, vaults_standard_mumra_x,
          nicolae_vaults_house_2, vaults_room_stairs_pillars,
          layout_vaults_omnicross, uniq_sojobo
Vaults:5: serial_shops
Crypt:1:  layout_catacombs, basic_altar, lemuel_statue_altar
Crypt:2:  layout_misc_corridors, st_stairs_4, grunt_megastairs_2
Crypt:3:  david_glass_crypt, layout_gridlike, tomb_entry_simple_bobbens,
          uniq_boris
Tomb:1
Tomb:2
Depths:1: layout_cave_shapes, serial_bayou_pond_a, pan_entry, lightli_too_deep,
          minmay_misc_feat_nine_boxes, kilobyte_rumbling_trees,
          minmay_shoptagon, uniq_saint_roka
Depths:2: minmay_inner_zag, layout_gridlike, hellmouth_1,
          nzn_wu_jian_council_hall, rand_demon_pan_entry_3,
          minmay_staircase_windowed_small
Depths:3: minmay_textured_paths, layout_cave_shapes, enter_ziggurat_b,
          hangedman_tar_grid_catacomb, abyss_entry,
          hellmonk_okawaru_the_only_friend_you_need, firewood_loft
Depths:4: evilmike_zot_entry_hall, layout_gridlike,
          nicolae_hepliaklqana_hazy_memory, grunt_hell_entry_dis_mu
Zot:1:    circus_mu, layout_gridlike, st_large_dragon_hoard_2

Skill      XL: |  1  2  3  4  5  6  7  8  9 10 11 12 13 14 15 16 17 18 19 20 21 22 23 24 25 26 27 |
---------------+----------------------------------------------------------------------------------+-----
Armour         | 1 2 3 4 5 6 7 8 9 10 11 12 13 14 15 16 | 16.9
Dodging        | 3 4 5 6 7 8 9 10 11 12 13 14 15 | 15.0
Fighting       | 3 4 5 7 8 9 10 11 12 13 14 15 16 17 18 19 20 | 20.4
Throwing       | 2 3 4 5 6 7 8 9 10 11 13 14 15 16 17 18 | 18.9
Unarmed Combat | 4 5 6 7 8 9 10 11 12 13 14 15 16 17 18 19 20 | 20.0
Shields        | 1 3 4 5 6 7 8 9 10 11 12 13 14 15 16 | 16.3
Invocations    | 2 4 6 7 8 10 11 12 13 14 15 16 17 18 | 18.6
Evocations     | 1 4 6 8 |  8.7

Action                     |  1- 3 |  4- 6 |  7- 9 | 10-12 | 13-15 | 16-18 | 19-21 | 22-24 | 25-27 || total
---------------------------+-------+-------+-------+-------+-------+-------+-------+-------+-------++-------
  Melee: Unarmed           |   113 |   130 |   401 |  1030 |  1927 |  1547 |  1351 |  2202 |  2138 || 10839
         Punch             |     1 |     3 |     4 |       |       |       |       |       |       ||     8
  Throw: Throwing net      |     1 |       |       |     1 |       |       |     1 |     1 |       ||     4
         Stone             |       |    12 |       |       |       |       |       |       |       ||    12
         Javelin           |       |       |    16 |     4 |     9 |       |     3 |    11 |       ||    43
         Dart              |       |       |     7 |    19 |       |       |       |       |       ||    26
         Boomerang         |       |       |       |       |    12 |     3 |    30 |     4 |    31 ||    80
 Invoke: Wall of Briars    |       |       |       |     6 |     2 |       |     5 |     1 |       ||    14
         Grow Ballistomyce |       |       |       |     1 |     2 |     3 |     2 |     5 |       ||    13
         Overgrow          |       |       |       |     1 |     2 |     5 |     5 |     8 |     5 ||    26
         Grow Oklob        |       |       |       |       |     1 |       |    10 |     6 |     3 ||    20
  Evoke: Wand              |       |       |       |     6 |       |       |     1 |       |       ||     7
    Use: Scroll            |     1 |     5 |    10 |     4 |     9 |     5 |     8 |     8 |    12 ||    62
         Potion            |       |       |     1 |     5 |     2 |     2 |     6 |     5 |     6 ||    27
   Stab: Sleeping          |     1 |       |       |       |       |       |       |       |       ||     1
         Invisible         |       |       |     5 |     1 |       |       |       |       |     2 ||     8
         Paralysed         |       |       |       |     4 |       |       |       |       |       ||     4
         Distracted        |       |       |       |     1 |     2 |     2 |     2 |     2 |     4 ||    13
         Confused          |       |       |       |       |     1 |     2 |     1 |     4 |       ||     8
 Armour: Leather armour    |    22 |       |       |       |       |       |       |       |       ||    22
         Ring mail         |     4 |    16 |   102 |   234 |       |       |       |       |       ||   356
         Chain mail        |       |       |       |    59 |   668 |   605 |   561 |       |       ||  1893
         Crystal plate arm |       |       |       |       |       |       |   136 |  1118 |  1110 ||  2364
  Dodge: Dodged            |    47 |   100 |   240 |   739 |  1040 |   576 |   406 |   511 |   622 ||  4281
  Block: Kite shield       |       |       |    59 |   478 |  1145 |  1152 |  1011 |  1690 |  1732 ||  7267
         Buckler           |       |       |     3 |       |       |       |       |       |       ||     3
         Reflection        |       |       |       |       |    23 |   181 |   237 |    81 |    12 ||   534

Table legend: (Time is in decaauts)
 A = Elapsed time spent in this place.
 B = Non-inter-level travel time spent in this place.
 C = Inter-level travel time spent in this place.
 D = Time resting spent in this place.
 E = Time spent auto-exploring this place.
 F = Levels seen in this place.
 G = Mean time per level.
                   A        B        C        D        E       F      G
               +--------+--------+--------+--------+--------+-----+--------+
         Total |  78844 |  72110 |   6734 |  16732 |  34849 |  54 | 1460.1 |
       Dungeon |  20956 |  18052 |   2904 |   3282 |  10504 |  15 | 1397.1 |
        Temple |    131 |     85 |     46 |     62 |      0 |   1 |  131.0 |
          Lair |   8078 |   7337 |    741 |   1566 |   3687 |   5 | 1615.6 |
        Shoals |   8194 |   7723 |    471 |   2940 |   2681 |   4 | 2048.5 |
     Snake Pit |   8556 |   8063 |    493 |   3089 |   2514 |   4 | 2139.0 |
  Orcish Mines |   2312 |   2111 |    201 |    296 |   1028 |   2 | 1156.0 |
   Elven Halls |   4618 |   4109 |    509 |    587 |   1969 |   3 | 1539.3 |
        Vaults |  10452 |   9796 |    656 |   2064 |   4848 |   5 | 2090.4 |
         Crypt |   4677 |   4421 |    256 |    785 |   2455 |   3 | 1559.0 |
          Tomb |   1372 |   1372 |      0 |    351 |    455 |   2 |  686.0 |
        Depths |   5482 |   5030 |    452 |    350 |   3328 |   4 | 1370.5 |
           Zot |      9 |      9 |      0 |      0 |      0 |   1 |    9.0 |
        Bazaar |    226 |    226 |      0 |      0 |    212 |   1 |  226.0 |
       Ossuary |    340 |    340 |      0 |      0 |    218 |   1 |  340.0 |
        Bailey |    586 |    586 |      0 |      0 |    416 |   1 |  586.0 |
      Ice Cave |   2323 |   2323 |      0 |   1356 |    191 |   1 | 2323.0 |
       Volcano |    524 |    524 |      0 |      0 |    338 |   1 |  524.0 |
               +--------+--------+--------+--------+--------+-----+--------+

Top non-repeatable levels by time:
Shoals:3: 3603 daAuts
 Snake:3: 3130 daAuts
 Snake:4: 2761 daAuts
Vaults:5: 2660 daAuts
   IceCv: 2323 daAuts
Vaults:2: 2289 daAuts
    D:13: 2119 daAuts
Vaults:4: 2035 daAuts
    D:11: 1969 daAuts
    D:15: 1925 daAuts
 Crypt:2: 1886 daAuts
  Lair:4: 1869 daAuts
Vaults:3: 1774 daAuts
     D:6: 1770 daAuts
Shoals:4: 1760 daAuts
